 Dungeon Crawl Stone Soup version 0.22.1-1-ga44c0e5 (webtiles) character file.

98 FunkyPutin the Sneak (level 4, -5/23 HPs)
             Began as a Spriggan Assassin on Oct 7, 2018.
             Slain by a gnoll
             ... wielding a +0 halberd
              (17 damage)
             ... on level 3 of the Dungeon.
             The game lasted 00:13:03 (2036 turns).

FunkyPutin the Sneak (Spriggan Assassin)            Turns: 2036, Time: 00:13:05

Health: -5/23      AC:  3    Str:  7    XL:     4   Next: 43%
Magic:  5/5        EV: 18    Int: 12    God:
Gold:   75         SH:  0    Dex: 18    Spells: 3/3 levels left

rFire    . . .     SeeInvis +   l - +1 dagger (venom)
rCold    . . .     Gourm    .   (shield restricted)
rNeg     . . .     Faith    .   c - +0 robe
rPois    .         Spirit   .   (helmet restricted)
rElec    .         Reflect  .   d - +0 cloak
rCorr    .         Harm     .   (gloves unavailable)
MR       .....                  (boots unavailable)
Stlth    ++++......             (no amulet)
HPRegen  0.07/turn              (no ring)
MPRegen  0.09/turn              (no ring)

@: very quick
A: very small, unfitting armour, see invisible, herbivore, speed 3, slow
metabolism 2
a: no special abilities


You were on level 3 of the Dungeon.
You were not hungry.

You visited 1 branch of the dungeon, and saw 3 of its levels.

You collected 75 gold pieces.

Inventory:

Hand Weapons
 a - a +2 dagger
 b - a +0 blowgun
 i - a +0 club
 l - a +1 dagger of venom (weapon)
Missiles
 e - 11 poisoned needles (quivered)
 f - 2 curare-tipped needles
 u - 7 needles of sleeping
Armour
 c - a +0 robe (worn)
 d - a +0 cloak (worn)
Scrolls
 k - 3 scrolls of magic mapping
 m - 2 scrolls of blinking {unknown}
 n - 2 scrolls of teleportation
 r - a scroll of remove curse {unknown}
 s - a scroll of enchant armour {unknown}
Potions
 h - a potion of magic {unknown}
 j - a potion of invisibility
 o - a potion of curing {unknown}
 p - a potion of flight {unknown}
 q - a potion of brilliance {unknown}
 t - a potion of haste {unknown}
Comestibles
 g - 3 rations


   Skills:
 + Level 1.9 Fighting
 + Level 3.1 Short Blades
 + Level 2.1 Throwing
 + Level 2.9 Dodging
 + Level 7.4 Stealth


You had 3 spell levels left.
You didn't know any spells.
Your spell library was empty.

Dungeon Overview and Level Annotations

Branches:
Dungeon (3/15)

Altars:


Innate Abilities, Weirdness & Mutations

You are very small and have problems with some larger weapons.
You are too small for most types of armour.
You have supernaturally acute eyesight. (SInv)
You are a herbivore.
You cover ground extremely quickly.
You need to consume almost no food.


Message History

You toss away a poisoned needle.
The poisoned needle hits the gnoll.
The gnoll misses you.
Tossing away (i - inventory)
e - 14 poisoned needles (quivered)
Press: ? - help, Shift-Dir - straight line, f/p - gnoll
Aim: a gnoll, wielding a halberd You toss away a poisoned needle.
The poisoned needle hits the gnoll.
The gnoll misses you.
Tossing away (i - inventory)
e - 13 poisoned needles (quivered)
Press: ? - help, Shift-Dir - straight line, f/p - gnoll
Aim: a gnoll, wielding a halberd You toss away a poisoned needle.
The poisoned needle hits the gnoll.
The gnoll barely misses you.
Tossing away (i - inventory)
e - 12 poisoned needles (quivered)
Press: ? - help, Shift-Dir - straight line, f/p - gnoll
Aim: a gnoll, wielding a halberd You toss away a poisoned needle.
The poisoned needle hits the gnoll.
The gnoll hits you from afar with a halberd.
The gnoll hits you from afar with a halberd!
Ouch! That really hurt!
You die...

# #.#........<# #.
##..........##
###.##...........#
#..(...##........#
##......##.>......#
........##......>.#
##................#
#.....#)##.<)....###
#.....@.##..†........
#....(.###.......####
####.#g# ###.#####
#(#># #.## #.#(# #..#
....# ##.# .## .# #
.. #..


You could see a gnoll.

Vanquished Creatures
  Terence (D:2)
  2 gnolls (D:3)
  An adder (D:2)
  A dart slug (D:1)
  2 leopard geckos
  2 giant cockroaches (D:1)
  6 goblins
  5 hobgoblins
  2 jackals (D:2)
  2 ball pythons (D:1)
  A bat (D:3)
  9 kobolds
  6 rats
40 creatures vanquished.

Notes
Turn   | Place    | Note
-------+----------+-------------------------------------------
     0 | D:1      | FunkyPutin the Spriggan Assassin began the quest for the
                  | Orb.
     0 | D:1      | Reached XP level 1. HP: 10/10 MP: 2/2
    46 | D:1      | Reached skill level 6 in Stealth
   260 | D:1      | Reached XP level 2. HP: 13/14 MP: 3/3
  1180 | D:2      | Reached skill level 7 in Stealth
  1180 | D:2      | Reached XP level 3. HP: 18/18 MP: 4/4
  1256 | D:2      | Noticed Terence
  1309 | D:2      | Killed Terence
  1542 | D:2      | Reached XP level 4. HP: 20/23 MP: 5/5
  2036 | D:3      | Slain by a gnoll

Skill      XL: |  1  2  3  4 |
---------------+-------------+-----
Stealth        | 6 7 |  7.4
Dodging        | 2 |  2.9
Short Blades   | 3 |  3.1
Fighting       | |  1.9
Throwing       | |  2.1

Action                   |  1- 3 |  4- 6 || total
-------------------------+-------+-------++-------
Melee: Dagger            |    65 |    27 ||    92
 Fire: Blowgun           |     1 |       ||     1
  Use: Scroll            |     3 |       ||     3
 Stab: Sleeping          |     5 |     2 ||     7
       Distracted        |       |     1 ||     1
Armor: Robe              |     3 |     1 ||     4
Dodge: Dodged            |    44 |    30 ||    74
